 Dungeon Crawl Stone Soup version 0.26-a0-812-g31a745ddcd (webtiles) character file.

Game seed: 17457053042395020023

644 mkm the Digger (level 7, -13/36 HPs)
             Began as a Gargoyle Earth Elementalist on Dec 8, 2020.
             Mangled by an ogre
             ... wielding a +0 giant club
              (14 damage)
             ... on level 5 of the Dungeon.
             The game lasted 00:23:12 (8438 turns).

mkm the Digger (Gargoyle Earth Elementalist)        Turns: 8438, Time: 00:23:13

Health: -13/36     AC:  8    Str: 11    XL:     7   Next: 52%
Magic:  9/13       EV: 12    Int: 18    God:
Gold:   158        SH:  0    Dex: 12    Spells: 5/14 levels left

rFire    . . .     SeeInvis .   g - +2 hand axe (vorpal)
rCold    . . .     Faith    .   (no shield)
rNeg     + . .     Spirit   .   c - +0 robe
rPois    ∞         Reflect  .   e - +1 helmet
rElec    +         Harm     .   (no cloak)
rCorr    .         Rampage  .   (no gloves)
MR       .....                  (no boots)
Stlth    ++........             (no amulet)
HPRegen  0.12/turn              (no ring)
MPRegen  0.13/turn              (no ring)

@: no status effects
A: agile 1, mutation resistance 1, negative energy resistance 1, sense
surroundings 1, electricity resistance, unbreathing, petrification resistance,
rot immunity, AC +4
a: no special abilities


You were on level 5 of the Dungeon.
You visited 2 branches of the dungeon, and saw 6 of its levels.

You collected 158 gold pieces.

Inventory:

Hand Weapons
 g - a +2 vorpal hand axe (weapon)
Missiles
 b - 103 stones (quivered)
Armour
 c - a +0 robe (worn)
 e - a +1 helmet (worn)
Wands
 q - a wand of enslavement (6)
Scrolls
 a - 7 scrolls of remove curse
 d - 3 scrolls of teleportation
 j - a scroll of identify
 l - a scroll of random uselessness {unknown}
 p - a scroll of noise {unknown}
Potions
 f - a potion of brilliance {unknown}
 h - a potion of attraction {unknown}
 k - a potion of lignification


   Skills:
 - Level 1.5 Dodging
 - Level 2.1 Stealth
 + Level 4.3 Spellcasting
 + Level 3.9 Conjurations
   Level 0.7 Transmutations
 + Level 7.5 Earth Magic


You had 5 spell levels left.
You knew the following spells:

 Your Spells              Type           Power        Failure   Level
a - Sandblast             Erth           ####..       1%          1
b - Stone Arrow           Conj/Erth      ###...       4%          3
c - Lee's Rapid Deconstr  Erth           ####......   19%         5

Your spell library contained the following spells:

 Spells                   Type           Power        Failure   Level
 Passwall                 Tmut/Erth      ###.....     4%          2
 Animate Skeleton         Necr           #.....       14%         1
 Apportation              Tloc           #.....       14%         1
 Corona                   Hex            #......      14%         1
 Summon Small Mammal      Summ           #...         14%         1
 Petrify                  Tmut/Erth      ###.....     26%         4


Dungeon Overview and Level Annotations

Branches:
Dungeon (5/15)             Temple (1/1) D:4

Altars:
Ashenzari
Cheibriados
Dithmenos
Elyvilon
Fedhas
Gozag
Hepliaklqana
Makhleb
Nemelex Xobeh
Okawaru
Qazlal
Ru
Trog
Uskayaw
Wu Jian
Xom
Yredelemnul
Zin
The Shining One


Innate Abilities, Weirdness & Mutations

You are resistant to torment.
Your stone body is resilient. (AC +4)
You are immune to poison.
You resist negative energy. (rN+)
You are resistant to electric shocks. (rElec)
You can survive without breathing.
You are immune to petrification.
You are immune to rotting.
You are agile. (Dex +2)
You are somewhat resistant to further mutation.
You passively map a small area around you.


Message History

The ogre barely misses you.
Found 10 gold pieces.
The ogre barely misses you.
There is an open door here.
There is a stone staircase leading down here.
An ogre comes into view. It is wielding a +0 giant club.
The ogre shouts!
A centaur comes into view.
The ogre hits you with a +0 giant club!!
Ouch! That really hurt!
The ogre hits you with a +0 giant club!
* * * LOW HITPOINT WARNING * * *
The adder skeleton bites you.
* * * LOW HITPOINT WARNING * * *
The ogre misses you. The ogre hits you but does no damage.
The adder skeleton bites you but does no damage.
There is a stone staircase leading down here.
The ogre hits you with a +0 giant club!
You die...

, * , , , #$....# ,*,,
,, #.....# * ,#.....#
+ , . #..... ,* ,
'#############.... +**
...............#'###
...............#...# ,
...............'@..# ,
,
.......$.......#O..#,
* ,
...............#ZO##**
#.....#####'####..##
#.....#..#.........# ,
, #.....#.)#.........#
,
#.Z.....#####.##..##,
, ..####### *#'##..# ,
* * ..* ......#


You could see 2 ogres and an adder skeleton.

Vanquished Creatures
  A howler monkey (D:3)
  A hound (D:4)
  4 orc priests
  A gnoll shaman (D:3)
  3 orc wizards
  Terence (D:2)
  Natasha (thrice) (D:4)
  2 worker ants
  5 adders
  5 gnolls
  An ufetubus (D:5)
  An ooze (D:3)
  2 worms
  A dart slug (D:1)
  8 leopard geckos
  4 orcs
  9 bats
  5 giant cockroaches
  8 goblins
  6 hobgoblins
  8 jackals (D:4)
  9 kobolds
  A quokka (D:4)
  6 frilled lizards
  10 rats
105 creatures vanquished.

Notes
Turn   | Place    | Note
-------+----------+-------------------------------------------
     0 | D:1      | mkm the Gargoyle Earth Elementalist began the quest for the
                  | Orb.
     0 | D:1      | Reached XP level 1. HP: 10/10 MP: 3/3
   453 | D:1      | Reached skill level 4 in Earth Magic
   453 | D:1      | Reached XP level 2. HP: 5/15 MP: 0/5
  1821 | D:1      | Reached XP level 3. HP: 19/19 MP: 4/6
  1826 | D:1      | Learned a level 3 spell: Stone Arrow
  2195 | D:2      | Found a basalt altar of Yredelemnul.
  2306 | D:2      | Found a glowing golden altar of the Shining One.
  2306 | D:2      | Found an ornate altar of the Wu Jian Council.
  2324 | D:2      | Found a burning altar of Makhleb.
  2332 | D:2      | Found an opulent altar of Gozag.
  2338 | D:2      | Found an iron altar of Okawaru.
  2639 | D:2      | Reached skill level 1 in Conjurations
  2641 | D:2      | Reached XP level 4. HP: 23/24 MP: 6/8
  3374 | D:3      | Reached skill level 5 in Earth Magic
  3475 | D:3      | Noticed Terence
  3703 | D:2      | Killed Terence
  4017 | D:3      | Found a faded altar of an unknown god.
  4074 | D:3      | Found a sparkling altar of Nemelex Xobeh.
  4074 | D:3      | Found a shimmering altar of Xom.
  4301 | D:3      | Reached XP level 5. HP: 28/28 MP: 7/9
  4357 | D:3      | Learned a level 5 spell: Lee's Rapid Deconstruction
  4852 | D:3      | Gained mutation: You passively map a small area around you.
                  | [potion of mutation]
  4852 | D:3      | Gained mutation: You are agile. (Dex +2) [potion of
                  | mutation]
  4852 | D:3      | Gained mutation: You are somewhat resistant to further
                  | mutation. [potion of mutation]
  5452 | D:3      | Reached skill level 6 in Earth Magic
  5455 | D:3      | Reached XP level 6. HP: 7/32 MP: 4/11
  6393 | D:4      | Noticed Natasha
  6400 | D:4      | Killed Natasha
  6612 | D:4      | Noticed Natasha
  6630 | D:4      | Killed Natasha
  6630 | D:4      | Reached skill level 7 in Earth Magic
  6630 | D:4      | Reached XP level 7. HP: 27/36 MP: 7/12
  6779 | D:4      | Noticed Natasha
  6783 | D:4      | Killed Natasha
  7828 | D:4      | Found a staircase to the Ecumenical Temple.
  7838 | Temple   | Entered the Ecumenical Temple
  8205 | D:5      | Entered Level 5 of the Dungeon
  8433 | D:5      | HP: 1/36 [adder skeleton (2)]
  8438 | D:5      | Mangled by an ogre

Illustrated notes

Levels and vault maps discovered:
D:1:      onia_arrival_mini_maze, layout_basic
D:2:      layout_basic, lemuel_doored_altar, minitemple
D:3:      layout_basic, gammafunk_temple_overflow_pools,
          chequers_ecumenical_altar_grove, minmay_hedge_maze, uniq_terence
D:4:      layout_rooms, minmay_temple_entry_poolview, uniq_natasha
D:5:      layout_gridville, nicolae_gozag_cash_rules_everything_around_me
Temple:   minmay_temple_curvy_loop

Skill      XL: |  1  2  3  4  5  6  7 |
---------------+----------------------+-----
Earth Magic    | 4 5 6 7 |  7.5
Conjurations   | 1 2 3 |  3.9
Spellcasting   | 3 4 |  4.3
Dodging        | |  1.5
Stealth        | |  2.1
Transmutations | |  0.7

Action                   |  1- 3 |  4- 6 |  7- 9 || total
-------------------------+-------+-------+-------++-------
Melee: Dagger            |    70 |       |       ||    70
       Unarmed           |    10 |       |       ||    10
       Hand axe          |     7 |    67 |    28 ||   102
 Cast: Sandblast         |    36 |    58 |     4 ||    98
       Stone Arrow       |       |     8 |    13 ||    21
       Lee's Rapid Decon |       |       |     4 ||     4
  Use: Scroll            |     2 |     1 |     1 ||     4
       Potion            |       |     6 |       ||     6
 Stab: Sleeping          |     2 |     2 |       ||     4
Armor: Robe              |    24 |    60 |    20 ||   104
       Skin              |       |    20 |       ||    20
Dodge: Dodged            |    60 |    96 |    33 ||   189

Table legend: (Time is in decaauts)
 A = Elapsed time spent in this place.
 B = Non-inter-level travel time spent in this place.
 C = Inter-level travel time spent in this place.
 D = Time resting spent in this place.
 E = Time spent auto-exploring this place.
 F = Levels seen in this place.
 G = Mean time per level.
                   A        B        C        D        E       F      G
               +--------+--------+--------+--------+--------+-----+--------+
         Total |   8459 |   8230 |    229 |   3266 |   3644 |   6 | 1409.8 |
       Dungeon |   8198 |   7982 |    216 |   3266 |   3459 |   5 | 1639.6 |
        Temple |    261 |    248 |     13 |      0 |    185 |   1 |  261.0 |
               +--------+--------+--------+--------+--------+-----+--------+

Top non-repeatable levels by time:
     D:3: 3250 daAuts
     D:1: 2008 daAuts
     D:4: 1455 daAuts
     D:2: 1249 daAuts
  Temple: 261 daAuts
     D:5: 234 daAuts
